 Dungeon Crawl Stone Soup version 0.29.0-4-gdea44cf6ec (webtiles) character file.

Game seed: 3528604562934009677

113 qw the Chopper (level 4, -2/28 HPs)
             Began as a Gargoyle Fighter on Sept 8, 2022.
             Slain by Robin
             ... wielding a +0 mace
              (4 damage)
             ... on level 3 of the Dungeon.
             The game lasted 00:00:49 (2228 turns).

qw the Chopper (Gargoyle Fighter)                   Turns: 2228, Time: 00:00:49

Health: -2/28      AC: 11    Str: 21    XL:     4   Next: 96%
Magic:  4/4        EV:  9    Int:  9    God:
Gold:   116        SH:  4    Dex:  9    Spells: 3/3 levels left

rFire   . . .      SeeInvis .   Y - +0 war axe
rCold   . . .      Faith    .   c - +0 buckler
rNeg    + . .      Spirit   .   b - +0 scale mail
rPois   inf        Reflect  .   (no helmet)
rElec   +          Harm     .   (no cloak)
rCorr   .          Rampage  .   i - +0 pair of gloves
Will    .....                   (no boots)
Stlth   ..........              (no amulet)
HPRegen 0.09/turn               (no ring)
MPRegen 0.09/turn               (no ring)

@: no status effects
A: sickness immunity, AC +3, negative energy resistance 1, electricity
resistance, torment resistance 1, petrification resistance
a: no special abilities


You were on level 3 of the Dungeon.
You visited 1 branch of the dungeon, and saw 3 of its levels.

You collected 116 gold pieces.


Innate Abilities, Weirdness & Mutations

You are immune to sickness and miasma.
Your stone body is resilient. (AC +3)
You are immune to poison.
You resist negative energy. (rN+)
You are resistant to electric shocks. (rElec)
You are resistant to unholy torment.
You are immune to petrification.


   Skills:
 - Level 3.2 Fighting
 + Level 4.5 Axes
 - Level 3.2 Armour
 - Level 3.2 Shields


You had 3 spell levels left.
You didn't know any spells.
Your spell library was empty.

Inventory:

Hand Weapons
 l - a +0 flail
 Y - a +0 war axe (weapon)
Missiles
 m - 4 boomerangs of dispersal (quivered)
Armour
 b - a +0 scale mail (worn)
 c - a +0 buckler (worn)
 i - a +0 pair of gloves (worn)
Jewellery
 k - a +6 ring of strength
Scrolls
 n - a scroll of amnesia {unknown}
Potions
 a - 2 potions of curing {unknown}
 d - a potion of might
 g - a potion of resistance {unknown}
 h - a potion of flight {unknown}
 j - a potion of invisibility {unknown}
 o - a potion of brilliance {unknown}

Dungeon Overview and Level Annotations

Branches:
Dungeon (3/15)

Altars:
Gozag

Annotations:
D:3 Grinder, Robin


Message History

The goblin hits you with a +0 dagger. x2
The goblin hits you but does no damage. The goblin hits you with a +0 club.
You miss the goblin. You slash the goblin!
You kill the goblin!
You hit the goblin.
A ball python comes into view.
The goblin completely misses you. The goblin hits you but does no damage.
You closely miss the goblin.
The goblin is severely wounded.
You completely miss the goblin.
The ball python hisses angrily.
You hit the hobgoblin. The goblin hits you but does no damage.
You block the hobgoblin's attack. The goblin hits you but does no damage.
You slash the goblin!
You kill the goblin!
You closely miss the hobgoblin. You hit the goblin.
You kill the goblin!
The hobgoblin hits you.
You closely miss the hobgoblin.
The hobgoblin is lightly wounded.
You hit the hobgoblin but do no damage. The hobgoblin hits you. x2
The hobgoblin hits you but does no damage.
The hobgoblin hits you.
You slash the hobgoblin!
You kill the hobgoblin!
You hit the hobgoblin. The hobgoblin completely misses you.
You barely miss the hobgoblin.
The hobgoblin is heavily wounded.
You hit Robin.
The hobgoblin hits you but does no damage.
Robin hits you with a +0 mace.
You closely miss the hobgoblin.
The hobgoblin is heavily wounded.
You hit Robin.
The hobgoblin hits you but does no damage.
Robin hits you with a +0 mace.
You die... .. ##... .. #.... . #.... #....## . #...$g# .. .gSg#

.. #gg#
#@#
#....)#
#..##..
#. #.#.
# #.#.#
#.# .
#.# ##
#..


You could see Robin, 4 hobgoblins and a ball python.

Vanquished Creatures
  An orc priest (D:3)
  4 adders
  A worm (D:2)
  2 orcs (D:3)
  2 bats
  9 goblins
  6 hobgoblins
  2 jackals (D:2)
  5 kobolds
  2 quokkas (D:1)
  3 ball pythons
  A frilled lizard (D:1)
  4 rats
42 creatures vanquished.

Vanquished Creatures (others)
  A plant (D:2)
1 creature vanquished.

Grand Total: 43 creatures vanquished

Notes
Turn   | Place    | Note
-------+----------+-------------------------------------------
     0 | D:1      | qw the Gargoyle Fighter began the quest for the Orb.
     0 | D:1      | Reached XP level 1. HP: 14/14 MP: 1/1
     0 | D:1      | 0 ||| qw: Version: 0.1-a-112-g44dc6cd
     0 | D:1      | 0 ||| qw: Game counter: 6738
     0 | D:1      | 0 ||| qw: Always use a shield: true
     0 | D:1      | 0 ||| qw: God list: Okawaru
     0 | D:1      | 0 ||| qw: Allow faded altars: false
     0 | D:1      | 0 ||| qw: Do Orc after D:15 true
     0 | D:1      | 0 ||| qw: Do second Lair branch before Depths: true
     0 | D:1      | 0 ||| qw: Lair rune preference: random
     0 | D:1      | 0 ||| qw: Plans: Normal, Zot, God:TSO, Crypt, Tomb, Zig,
                  | Orb
     0 | D:1      | 0 ||| PLANNING D:1-11
   132 | D:1      | Reached skill level 2 in Axes
   182 | D:1      | 182 ||| Stepping ~*~*~tactically~*~*~ (stealth).
   183 | D:1      | 183 ||| Stepping ~*~*~tactically~*~*~ (stealth).
   190 | D:1      | Reached XP level 2. HP: 10/19 MP: 2/2
   345 | D:1      | 345 ||| Stepping ~*~*~tactically~*~*~ (stealth).
   350 | D:1      | 350 ||| Stepping ~*~*~tactically~*~*~ (stealth).
   578 | D:1      | 578 ||| Stepping ~*~*~tactically~*~*~ (stealth).
   655 | D:1      | 655 ||| Stepping ~*~*~tactically~*~*~ (stealth).
  1029 | D:1      | 1029 ||| DROPPING amulet of magic regeneration.
  1030 | D:1      | 1030 ||| READING scroll labelled YTEOTIYGEEN.
  1034 | D:1      | 1034 ||| READING scroll labelled ITSUNOEXKE.
  1035 | D:1      | 1035 ||| DRINKING 2 amethyst potions.
  1090 | D:2      | 1090 ||| STAIRDANCE
  1095 | D:1      | Reached skill level 3 in Axes
  1111 | D:2      | Reached XP level 3. HP: 20/23 MP: 3/3
  1111 | D:2      | 1111 ||| STAIRDANCE
  1262 | D:2      | Found a faded altar of an unknown god.
  1542 | D:2      | Found an opulent altar of Gozag.
  1550 | D:2      | 1550 ||| Stepping ~*~*~tactically~*~*~ (stealth).
  1719 | D:2      | Reached XP level 4. HP: 27/28 MP: 4/4
  1981 | D:2      | 1981 ||| UPGRADING to +0 pair of gloves.
  1986 | D:2      | 1986 ||| READING scroll labelled ZILEUN ZOUTHU.
  2004 | D:3      | Reached skill level 4 in Axes
  2045 | D:3      | 2045 ||| Stepping ~*~*~tactically~*~*~ (hiding).
  2154 | D:3      | 2154 ||| DROPPING +0 whip.
  2208 | D:3      | Noticed Grinder
  2214 | D:3      | HP: 6/28 [Grinder (2)]
  2215 | D:3      | 2215 ||| READING scroll of teleportation.
  2216 | D:3      | 2216 ||| DRINKING potion of heal wounds.
  2218 | D:3      | Noticed Robin
  2225 | D:3      | HP: 7/28 [hobgoblin[Robin] (3)]
  2227 | D:3      | HP: 2/28 [Robin/+0 mace (4)]
  2228 | D:3      | Slain by Robin

Levels and vault maps discovered:
D:1:      sevenhm_arrival_forest_fort_large_2, layout_basic
D:2:      layout_loops_ring, shapermc_ecumenical_altar_mp_ritualfount,
          basic_altar, grunt_ministairs_14, hangedman_decor_growths
D:3:      kennysheep_the_goblin_king, layout_basic, old_standard_altar,
          serial_shops, nicolae_shop_bloodbath_and_beyond, minmay_liquid_box,
          uniq_robin, uniq_grinder

Skill      XL: |  1  2  3  4 |
---------------+-------------+-----
Axes           | 2 3 4 |  4.5
Fighting       | |  3.2
Armour         | |  3.2
Shields        | |  3.2

Action                   |  1- 3 |  4- 6 || total
-------------------------+-------+-------++-------
Melee: War axe           |   105 |    29 ||   134
  Use: Scroll            |     2 |     2 ||     4
       Potion            |     1 |     1 ||     2
Armor: Scale mail        |    53 |    16 ||    69
Dodge: Dodged            |    49 |    12 ||    61
Block: Buckler           |    28 |     3 ||    31

Table legend:
 A = Non-vault XP
 B = Vault XP
 C = Vault XP percentage of total XP
 D = Non-vault monster count
 E = Vault monster count
 F = Vault count percentage of total count
                 A         B        C        D         E       F
            +---------+---------+-------+---------+---------+-------
      Total |     135 |      27 |  16.7 |      34 |       8 |  19.0
            +---------+---------+-------+---------+---------+-------
        D:1 |      28 |       2 |   6.7 |      17 |       1 |   5.6
        D:2 |      46 |      13 |  22.0 |      12 |       1 |   7.7
        D:3 |      61 |      12 |  16.4 |       5 |       6 |  54.5
            +---------+---------+-------+---------+---------+-------
